 Dungeon Crawl Stone Soup version 0.32-a0-886-g41c5271027 (webtiles) character file.

Game seed: 10472822916580192005

2 Aldia the Trooper (level 1, -2/18 HPs)
             Began as a Mummy Cinder Acolyte on Apr 2, 2024.
             Was a High Priest of Ignis.
             Slain by a hobgoblin (5 damage)
             ... on level 1 of the Dungeon.
             The game lasted 00:00:22 (89 turns).

Aldia the Trooper (Mummy Cinder Acolyte)              Turns: 89, Time: 00:00:23

Health: -2/18      AC:  2    Str: 17    XL:     1   Next: 33%
Magic:  2/2        EV: 10    Int: 13    God:    Ignis [*****.]
Gold:   13         SH:  0    Dex:  7    Spells: 2/2 levels left

rFire   . . .        a - -1 mace (flame)
rCold   + . .        (no shield)
rNeg    + + +        b - +0 robe
rPois   ∞            (no helmet)
rElec   .            (no cloak)
rCorr   .            (no gloves)
SInv    .            (no boots)
Will    .....        (no amulet)
Stlth   +            (no ring)
HPRegen 0.23/turn    (no ring)
MPRegen 0.08/turn

%: faith
@: no status effects
A: cold resistance 1, negative energy resistance 3, torment resistance 2, heat
vulnerability 1, in touch with death 1, no potions, faith
a: Renounce Religion, Fiery Armour, Foxfire Swarm, Rising Flame


You were on level 1 of the Dungeon.
You worshipped Ignis.
Ignis was extremely pleased with you.
You visited 1 branch of the dungeon, and saw 1 of its levels.

You collected 13 gold pieces.

Inventory:

Hand Weapons
 a - a -1 mace of flaming (weapon)
Armour
 b - a +0 robe (worn)
Scrolls
 c - 2 scrolls of identify {unknown}


   Skills:
 + Level 3.0 Fighting
 * Level 2.4 Maces & Flails
 + Level 1.4 Spellcasting
 + Level 2.4 Fire Magic


You had 2 spell levels left.
You didn't know any spells.
Your spell library contained the following spells:

 Spells                   Type           Power      Damage    Failure   Level
 Scorch                   Fire           14%        2d5       16%         2


Dungeon Overview and Level Annotations

Branches:
Dungeon (1/15)

Altars:


Innate Abilities, Weirdness & Mutations

You are immune to poison.
Your flesh is cold resistant. (rC+)
You are immune to negative energy. (rN+++)
You are immune to unholy pain and torment.
You are vulnerable to heat. (rF-)
You are in touch with the powers of death.
You do not drink.
You have a special connection with the divine. (Faith)


Message History

The hobgoblin shouts!
A hobgoblin is nearby!
A hobgoblin is nearby!
A hobgoblin is nearby!
A hobgoblin is nearby!
A hobgoblin is nearby!
An endoplasm comes into view.
Found a black potion and 12 gold pieces.
The endoplasm quivers.
The hobgoblin hits you.
You barely miss the hobgoblin. The hobgoblin barely misses you.
You barely miss the hobgoblin. The hobgoblin barely misses you.
The endoplasm hits you.
The hobgoblin hits you but does no damage.
You hit the endoplasm but do no damage. The hobgoblin barely misses you.
The endoplasm freezes you.
You are frozen.
You resist.
You hit the endoplasm. You burn the endoplasm.
The endoplasm is severely wounded.
The hobgoblin hits you.
The endoplasm hits you but does no damage.
You are too injured to fight recklessly!
You are too injured to fight recklessly!
You are too injured to fight recklessly!
You sock the endoplasm! You burn the endoplasm.
You kill the endoplasm!
You closely miss the hobgoblin. The hobgoblin barely misses you.
The hobgoblin hits you.
You closely miss the hobgoblin. The hobgoblin hits you.
You hit the hobgoblin. You burn the hobgoblin.
The hobgoblin is severely wounded.
The hobgoblin hits you.
* * * LOW HITPOINT WARNING * * *
You closely miss the hobgoblin.
The hobgoblin is severely wounded.
The hobgoblin hits you.
* * * LOW HITPOINT WARNING * * *
The hobgoblin hits you.
You die...
Ignis goes out, and joins you in death.

..#####..# ..
#..# # .# ##
#..# #.
....####..#
#.. .#.......#
. ......####.#
.$.#.#. #.#
.!.....#####.#
.....).g@....#
..####.#######
#. #. #. #. #.
#.


You could see a hobgoblin.

Vanquished Creatures
  An endoplasm (D:1)
  A giant cockroach (D:1)
2 creatures vanquished.

Notes
Turn   | Place    | Note
-------+----------+-------------------------------------------
     0 | D:1      | Aldia the Mummy Cinder Acolyte began the quest for the Orb.
     0 | D:1      | Reached XP level 1. HP: 18/18 MP: 2/2
    89 | D:1      | Slain by a hobgoblin

Illustrated notes

Levels and vault maps discovered:
D:1:      minmay_arrival_loop, layout_loops_ring, minmay_pentomino_x2

Action                     || total
---------------------------++-------
  Melee: Mace              ||    11
 Armour: Robe              ||    10
  Dodge: Dodged            ||     7

Table legend: (Time is in decaauts)
 A = Elapsed time spent in this place.
 B = Non-inter-level travel time spent in this place.
 C = Inter-level travel time spent in this place.
 D = Time resting spent in this place.
 E = Time spent auto-exploring this place.
 F = Levels seen in this place.
 G = Mean time per level.
                   A        B        C        D        E       F      G
               +--------+--------+--------+--------+--------+-----+--------+
         Total |     91 |     91 |      0 |      0 |     69 |   1 |   91.0 |
       Dungeon |     91 |     91 |      0 |      0 |     69 |   1 |   91.0 |
               +--------+--------+--------+--------+--------+-----+--------+

Top non-repeatable levels by time:
     D:1: 91 daAuts
